Map: Romanticide LE

Players

souL - Winner!

  • Race: Terran Terran

ShaDoWn

  • Race: Protoss Protoss

Event: DreamHack SC2 Masters 2021 Fall

VOD

Have the link to the VOD?

Description

Time

  • Played on: Aug. 4, 2021, 1:02 p.m.
  • Length: 25:27

All games in this series

Show
View Real Time Build Order
Export as new Build Order

souL Terran - Winner!

Build Orders:  

Get SALT Encoding   

  12  0:00  SCV  
  13  0:12  SCV  
  14  0:17  Supply Depot  
  14  0:24  SCV  
  15  0:38  SCV  
  15  0:39  Barracks  
  16  0:44  Refinery  
  16  0:50  SCV  
  17  1:02  SCV  
  18  1:15  SCV  
  19  1:26  Marine  
  19  1:27  Orbital Command  
  20  1:40  Command Center  
  20  1:44  Reaper  
  21  1:50  Supply Depot  
  21  1:54  SCV  
  22  2:06  SCV  
  23  2:09  Factory  
  23  2:14  Bunker  
  23  2:20  Refinery  
  23  2:22  SCV  
  24  2:24  Barracks Reactor  
  24  2:34  SCV  
  25  2:46  SCV  
  26  2:56  Hellion  
  26  2:57  Starport  
  28  2:58  SCV  
  28  3:01  Marine x2  
  28  3:03  Orbital Command  
  31  3:11  SCV  
  32  3:18  Marine  
  32  3:19  Marine  
  34  3:20  Widow Mine  
  34  3:23  SCV  
  37  3:30  SCV  
  38  3:34  Medivac  
  38  3:35  SCV  
  38  3:36  Supply Depot  
  41  3:42  SCV, Widow Mine  
  41  3:44  Marine  
  41  3:47  SCV  
  46  3:51  Marine  
  46  3:55  SCV  
  45  3:56  Supply Depot  
  45  3:59  SCV  
  46  4:05  Factory Tech Lab  
  46  4:06  Barracks  
  46  4:07  SCV, Barracks  
  46  4:09  Starport Tech Lab  
  47  4:11  SCV  
  47  4:12  Marine  
  47  4:14  Marine  
  50  4:19  SCV  
  50  4:23  SCV  
  52  4:25  Supply Depot  
  52  4:31  SCV  
  53  4:35  SCV  
  53  4:37  Command Center  
  54  4:39  Marine x2  
  54  4:43  SCV, Factory Reactor, Starport Reactor  
  57  4:48  SCV  
  58  4:55  SCV  
  58  4:57  Marine  
  60  5:00  SCV  
  60  5:05  Refinery  
  60  5:06  Engineering Bay x2  
  61  5:07  Refinery, SCV  
  61  5:09  Stimpack  
  61  5:10  Marauder  
  61  5:12  SCV  
  65  5:18  Supply Depot, Combat Shield  
  65  5:19  Supply Depot  
  65  5:20  Marine  
  66  5:22  Marine  
  66  5:23  Marine  
  68  5:29  Widow Mine  
  70  5:39  Terran Infantry Weapons Level 1  
  70  5:40  Widow Mine, SCV x2, Medivac x2  
  78  5:48  Marine  
  78  5:49  Marauder  
  81  5:51  Marine, Widow Mine  
  81  5:52  Marine, SCV  
  88  6:00  Orbital Command  
  86  6:04  Widow Mine  
  86  6:05  Barracks  
  86  6:06  Marine  
  86  6:07  SCV  
  86  6:09  SCV  
  86  6:10  Terran Infantry Armor Level 1  
  86  6:11  Barracks  
  91  6:14  Marine  
  91  6:15  Marauder  
  94  6:19  SCV, Medivac  
  94  6:22  Orbital Command  
  94  6:23  Medivac  
  94  6:24  SCV, Widow Mine  
  98  6:32  Marauder  
  98  6:33  Supply Depot x2  
  98  6:36  Widow Mine  
  98  6:38  SCV  
  101  6:44  SCV, Armory  
  101  6:47  Marine, Marauder  
  102  6:49  Medivac  
  102  6:50  SCV x2  
  108  6:56  SCV  
  108  6:57  Widow Mine  
  108  7:00  Marine  
  108  7:01  Marine, Marauder  
  114  7:02  SCV x2  
  114  7:05  Barracks Reactor  
  116  7:08  SCV  
  116  7:10  Medivac  
  116  7:12  Marine  
  116  7:14  SCV  
  117  7:23  Supply Depot x2  
  117  7:24  Supply Depot  
  117  7:25  SCV x2, Widow Mine  
  117  7:26  Marine, SCV  
  120  7:37  SCV x2  
  120  7:38  Marine  
  120  7:39  SCV  
  120  7:43  Marine, Marauder  
  128  7:47  Marine, Widow Mine x2  
  128  7:48  Marine  
  128  7:49  SCV  
  128  7:50  Marauder  
  136  7:54  SCV, Viking  
  136  7:55  Viking  
  127  8:00  Refinery x2, Barracks Tech Lab  
  127  8:03  SCV  
  127  8:04  SCV  
  127  8:05  Ghost Academy, Marauder  
  127  8:07  SCV  
  127  8:11  Marauder  
  125  8:15  SCV  
  125  8:16  SCV  
  127  8:20  Command Center  
  127  8:24  Marauder  
  127  8:25  SCV  
  127  8:26  Marauder  
  130  8:36  Ghost  
  130  8:37  Marine x2  
  130  8:38  Viking x2  
  138  8:44  Ghost  
  138  8:45  Terran Infantry Weapons Level 2  
  138  8:47  Ghost  
  142  8:58  Marine x4  
  146  9:03  Enhanced Shockwaves  
  146  9:05  Starport, Marauder  
  146  9:06  SCV, Supply Depot  
  149  9:13  SCV, Marauder  
  149  9:15  Marine  
  149  9:16  Marine x2  
  151  9:24  Viking  
  151  9:27  Marauder  
  157  9:32  Marine x2  
  157  9:34  Marine, Marauder  
  157  9:35  Marauder  
  157  9:36  Viking  
  157  9:37  SCV  
  164  9:38  SCV  
  164  9:39  SCV  
  164  9:42  Viking x2  
  169  9:47  Ghost  
  169  9:51  Refinery, Supply Depot  
  171  9:54  Viking, Ghost  
  171  9:55  Refinery  
  171  9:57  Supply Depot  
  171  9:58  Supply Depot, Barracks x2  
  171  9:59  Barracks, Terran Ship Weapons Level 1  
  175  10:02  Terran Infantry Armor Level 2  
  173  10:10  Planetary Fortress  
  173  10:11  SCV x3  
  176  10:21  Viking x2  
  176  10:23  SCV, Viking  
  176  10:25  Bunker  
  183  10:31  Sensor Tower  
  183  10:35  Marine  
  183  10:36  Marine, Marauder  
  186  10:54  Fusion Core  
  188  11:02  Command Center  
  188  11:09  Liberator x2  
  190  11:16  Barracks Tech Lab x3, Personal Cloaking  
  190  11:19  Command Center x2  
  187  11:36  Marauder  
  187  11:39  Liberator x2  
  177  11:48  Marine  
  177  11:49  Marauder x5  
  177  11:52  Marine, Liberator x2  
  180  12:13  Advanced Ballistics  
  180  12:15  Planetary Fortress  
  179  12:22  Marine, Liberator x2  
  190  12:23  Marauder x2  
  190  12:24  Command Center  
  190  12:25  Marine x2, Marauder x4  
  200  12:32  Orbital Command x2  
  200  12:37  Sensor Tower  
  200  12:39  Refinery x2  
  200  12:42  Nuke, Terran Ship Weapons Level 2  
  196  12:59  Liberator  
  198  13:23  Ghost Academy, Ghost x2  
  188  13:34  Marine  
  188  13:38  Marine  
  188  13:39  Marine x4, Marauder x2  
  163  13:43  Liberator  
  163  13:44  Liberator x3  
  162  13:52  Marine x3  
  165  13:56  Marine x3  
  165  13:57  Marauder x2  
  165  14:00  Marauder x2  
  174  14:10  Marine  
  181  14:26  Liberator x3, Terran Infantry Weapons Level 3  
  181  14:27  Liberator  
  181  14:29  Ghost  
  181  14:30  Marine x5, Ghost x4  
  195  14:38  Planetary Fortress  
  195  14:48  Marine x3  
  198  14:55  Command Center  
  198  14:58  Ghost  
  200  15:04  Terran Infantry Armor Level 3  
  200  15:05  Terran Vehicle And Ship Armor Level 1  
  197  15:08  Nuke  
  197  15:09  Medivac  
  199  15:17  Ghost  
  197  15:22  Medivac  
  199  15:46  Missile Turret  
  191  16:04  Liberator  
  188  16:12  Marine, Marauder x6  
  197  16:22  Liberator  
  198  16:27  Missile Turret x2  
  198  16:30  Liberator  
  199  16:35  Liberator  
  199  16:39  Marine  
  193  16:40  Marauder  
  188  16:47  Liberator  
  188  16:52  Marine, Marauder  
  175  17:01  Marine  
  175  17:02  Marauder  
  175  17:05  Liberator  
  154  17:18  Marine  
  154  17:19  Marine  
  154  17:20  Marauder x2  
  163  17:30  Marine, Marauder  
  163  17:31  Marauder  
  163  17:35  Marine  
  163  17:36  Marine x2, Marauder  
  172  17:38  Missile Turret  
  172  17:40  Missile Turret  
  172  17:46  Marine  
  172  17:47  Marine x2  
  169  17:54  Orbital Command, Medivac, Ghost x2  
  169  17:55  Marine  
  169  18:01  Planetary Fortress  
  169  18:02  Missile Turret  
  165  18:06  SCV x2  
  165  18:07  Refinery x2  
  167  18:18  SCV  
  167  18:19  Refinery, SCV  
  161  18:30  SCV  
  161  18:31  SCV x2  
  164  18:36  Marine, Marauder  
  167  18:43  SCV x2  
  167  18:44  Marine  
  167  18:45  Marine, SCV  
  172  18:55  SCV  
  172  19:00  Supply Depot x2  
  172  19:01  SCV, Marauder  
  172  19:08  Supply Depot, Command Center  
  185  19:31  Ghost x6  
  183  19:32  Marine  
  138  20:11  Missile Turret  
  122  20:21  Ghost x3  
  107  20:29  Marine, Marauder x2  
  108  20:38  Marine x4  
  111  20:50  Marauder  
  111  20:51  Marauder x3  
  111  20:56  Marine  
  117  20:58  Marine  
  117  21:02  Marine  
  115  21:19  Orbital Command  
  112  22:00  Refinery  
  95  22:23  Marine, Marauder x3  
  83  24:10  Hellion  
Show
View Real Time Build Order
Export as new Build Order

ShaDoWn Protoss 

Build Orders: 1 Gate Expand, Oracle Opening, Colossus Rush 

Get SALT Encoding   

  12  0:00  Probe  
  13  0:12  Probe  
  14  0:17  Pylon  
  14  0:24  Probe  
  15  0:35  Gateway  
  15  0:36  Probe (Chrono Boost)  
  16  0:46  Probe (Chrono Boost)  
  16  0:47  Assimilator  
  17  0:51  Probe (Chrono Boost)  
  18  1:03  Probe  
  19  1:15  Probe  
  20  1:22  Nexus  
  20  1:32  Cybernetics Core  
  20  1:36  Probe  
  21  1:41  Assimilator  
  21  1:48  Probe  
  21  1:50  Pylon  
  22  2:00  Probe (Chrono Boost)  
  23  2:08  Adept  
  23  2:12  Probe (Chrono Boost)  
  26  2:17  Stargate  
  26  2:19  Probe (Chrono Boost)  
  27  2:26  Probe (Chrono Boost), Warp Gate  
  28  2:36  Probe (Chrono Boost)  
  30  2:38  Adept, Probe (Chrono Boost)  
  30  2:44  Probe (Chrono Boost)  
  33  2:45  Probe (Chrono Boost)  
  33  2:49  Probe (Chrono Boost)  
  35  2:53  Probe  
  35  3:00  Pylon, Oracle (Chrono Boost), Probe  
  35  3:05  Probe  
  39  3:13  Probe  
  39  3:17  Probe  
  41  3:25  Probe  
  42  3:28  Nexus  
  42  3:29  Probe  
  42  3:32  Pylon  
  43  3:37  Probe  
  44  3:41  Probe  
  45  3:49  Probe  
  45  3:53  Probe  
  45  3:55  Pylon  
  47  3:56  Robotics Facility  
  47  4:04  Gateway  
  47  4:05  Probe  
  47  4:06  Gateway  
  47  4:08  Probe  
  49  4:10  Assimilator  
  49  4:11  Assimilator  
  49  4:16  Pylon  
  49  4:19  Probe (Chrono Boost)  
  49  4:24  Probe (Chrono Boost)  
  54  4:31  Probe (Chrono Boost)  
  54  4:35  Probe (Chrono Boost)  
  54  4:38  Sentry  
  55  4:39  Probe (Chrono Boost)  
  55  4:40  Probe (Chrono Boost)  
  55  4:41  Twilight Council  
  55  4:42  Probe (Chrono Boost)  
  55  4:45  Probe, Robotics Bay  
  57  4:46  Observer  
  57  4:50  Probe  
  60  4:54  Probe  
  60  4:58  Probe  
  58  5:01  Stalker  
  58  5:02  Probe  
  58  5:06  Probe  
  62  5:07  Phoenix  
  62  5:10  Probe (Chrono Boost)  
  65  5:17  Probe (Chrono Boost)  
  68  5:22  Shield Battery, Probe (Chrono Boost)  
  68  5:24  Probe (Chrono Boost)  
  68  5:26  Charge  
  69  5:29  Probe x2 (Chrono Boost)  
  69  5:32  Probe (Chrono Boost)  
  69  5:34  Colossus (Chrono Boost)  
  71  5:36  Probe  
  71  5:38  Probe  
  71  5:41  Pylon  
  71  5:42  Probe  
  80  5:48  Probe  
  78  5:50  Gateway  
  78  5:51  Gateway x2, Probe  
  78  5:55  Probe  
  77  6:00  Probe  
  77  6:03  Probe  
  79  6:04  Extended Thermal Lance  
  79  6:07  Probe  
  80  6:12  Probe  
  80  6:15  Probe  
  80  6:17  Colossus (Chrono Boost)  
  82  6:19  Probe  
  82  6:24  Probe  
  90  6:27  Pylon, Probe  
  90  6:28  Assimilator  
  90  6:29  Assimilator  
  91  6:39  Zealot  
  93  6:41  Forge  
  93  6:42  Forge  
  93  6:46  Probe  
  98  6:50  Probe  
  99  6:55  Probe  
  99  6:59  Zealot x2  
  99  7:02  Zealot x2  
  99  7:09  Void Ray  
  99  7:12  Probe  
  91  7:19  Pylon  
  91  7:25  Zealot  
  91  7:29  Photon Cannon  
  93  7:30  Pylon  
  93  7:33  Photon Cannon  
  93  7:35  Shield Battery  
  93  7:36  Probe  
  99  7:39  Zealot  
  95  7:44  Zealot x2  
  95  7:46  Probe  
  92  7:56  Observer (Chrono Boost)  
  92  7:57  Zealot x3  
  93  8:00  Probe  
  93  8:01  Zealot x4  
  93  8:03  Probe  
  93  8:05  Protoss Ground Weapons Level 1 (Chrono Boost), Protoss Ground Armor Level 1 (Chrono Boost)  
  97  8:08  Probe  
  98  8:15  Probe  
  99  8:21  Photon Cannon  
  99  8:26  Photon Cannon  
  94  8:29  Probe  
  94  8:31  Stalker x3  
  101  8:40  Pylon  
  101  8:44  Pylon  
  101  8:56  Colossus (Chrono Boost)  
  101  8:58  Probe x2  
  101  9:02  Probe  
  110  9:06  Pylon  
  110  9:08  Pylon  
  110  9:10  Pylon, Probe  
  110  9:13  Twilight Council  
  110  9:14  Probe  
  109  9:17  Zealot x3  
  109  9:18  Robotics Facility, Probe  
  109  9:22  Probe  
  116  9:30  Probe  
  115  9:38  Probe  
  116  9:40  Disruptor (Chrono Boost)  
  116  9:42  Gateway  
  116  9:43  Gateway, Probe  
  116  9:44  Probe  
  116  9:45  Gateway  
  121  9:47  Zealot x4  
  121  9:48  Zealot x2  
  121  9:49  Nexus  
  121  9:52  Pylon  
  133  10:03  Disruptor (Chrono Boost)  
  133  10:04  Probe  
  133  10:06  Disruptor (Chrono Boost)  
  137  10:09  Probe  
  137  10:11  Pylon  
  141  10:16  Probe  
  141  10:17  Pylon  
  141  10:20  Probe  
  143  10:21  Shield Battery  
  143  10:23  Pylon  
  143  10:24  Blink (Chrono Boost), Photon Cannon  
  143  10:25  Pylon, Photon Cannon  
  143  10:30  Templar Archives  
  143  10:31  Disruptor  
  146  10:37  Stalker x2  
  146  10:39  Stalker  
  152  10:49  Protoss Ground Weapons Level 2 (Chrono Boost), Protoss Ground Armor Level 2 (Chrono Boost)  
  149  10:50  Stalker x4  
  149  10:56  Probe x2  
  159  11:04  Probe  
  159  11:08  High Templar  
  159  11:09  High Templar x2  
  166  11:11  High Templar  
  166  11:13  Archon  
  166  11:17  Archon  
  166  11:18  Zealot x5  
  170  11:20  Probe  
  170  11:24  Probe  
  176  11:31  Probe  
  176  11:33  Probe  
  176  11:36  Probe  
  165  11:42  Stalker x4  
  165  11:43  Stalker x3  
  165  11:44  Probe  
  180  11:52  Probe  
  173  11:58  Nexus  
  173  12:06  Pylon  
  173  12:08  Nexus, Pylon  
  173  12:11  Probe  
  173  12:13  Pylon  
  172  12:16  Pylon  
  172  12:22  Dark Shrine  
  172  12:27  Nexus  
  172  12:32  Assimilator  
  172  12:34  Assimilator x2  
  172  12:36  Disruptor, Observer  
  176  12:44  High Templar x4  
  176  12:45  Zealot x4  
  176  12:48  Archon x2  
  192  12:56  Zealot  
  192  13:06  Zealot x4  
  194  13:17  Stalker  
  194  13:18  Stalker x2  
  200  13:26  Zealot x2  
  200  13:30  Probe  
  200  13:34  Stalker x4, Probe  
  175  13:39  Probe  
  156  13:43  Probe  
  156  13:44  Probe  
  156  13:46  Zealot x4, Probe  
  156  13:47  Disruptor x2, Zealot  
  149  13:51  Probe  
  149  13:55  Photon Cannon  
  149  13:56  Probe  
  149  13:57  Zealot x3  
  155  14:03  Observer  
  155  14:07  Zealot x3  
  161  14:18  Zealot x4  
  161  14:19  Zealot  
  161  14:21  Probe  
  161  14:22  Probe  
  161  14:24  Shadow Stride (Chrono Boost), Probe  
  173  14:32  Probe x2  
  173  14:34  Probe  
  176  14:39  Probe  
  176  14:41  Probe  
  178  14:48  Probe  
  178  14:50  Protoss Ground Weapons Level 3 (Chrono Boost), Probe, Protoss Ground Armor Level 3 (Chrono Boost)  
  172  14:58  Probe  
  172  14:59  Probe x2  
  175  15:00  Probe  
  175  15:01  Stalker x3  
  175  15:03  Probe  
  180  15:10  Dark Templar x5  
  189  15:22  Pylon, Dark Templar  
  189  15:24  Dark Templar  
  189  15:25  Zealot x2  
  197  15:45  Dark Templar  
  199  15:55  Assimilator x2  
  199  15:56  Pylon  
  194  16:03  Zealot x5  
  196  16:31  Pylon x2  
  196  16:32  Pylon, Shield Battery  
  194  16:33  Photon Cannon  
  194  16:34  Photon Cannon  
  194  16:35  Photon Cannon  
  194  16:36  Photon Cannon  
  182  16:50  Probe  
  182  16:52  Stalker x3, Zealot x3  
  164  16:56  Probe  
  152  17:02  Probe  
  145  17:21  Pylon  
  121  17:23  Probe  
  111  17:34  Dark Templar x3  
  114  17:40  Dark Templar x3  
  109  18:04  Pylon  
  101  18:29  Stalker x4  
  106  18:56  Dark Templar x2  
  106  19:26  Dark Templar  
  78  20:48  Pylon  
  70  20:50  Nexus  
  70  21:06  Pylon  
  63  21:39  Dark Templar  
  45  22:14  Dark Templar  
  44  22:39  Observer  
  43  23:16  Pylon  
  42  23:51  Observer  
  42  24:31  Observer  
  42  24:37  Pylon  
  38  24:55  Pylon  

Tags
 
Add a new tag
Caveats
  • Supply blocks, unpowered buildings, or Contaminate may cause inaccurate times.
  • Supply counts are checked every 10 seconds.